 Dungeon Crawl Stone Soup version 0.20.1-1-g8b1a95d (webtiles) character file.

294 Malachi the Stinger (level 6, -3/42 HPs)
             Began as a Demonspawn Venom Mage on Sept 18, 2017.
             Slain by an ice beast (9 damage)
             ... on level 5 of the Dungeon.
             The game lasted 00:11:45 (4870 turns).

Malachi the Stinger (Demonspawn Venom Mage)         Turns: 4870, Time: 00:11:46

Health: -3/42      AC:  4    Str:  9    XL:     6   Next: 11%
Magic:  0/11       EV: 12    Int: 18    God:
Gold:   136        SH:  0    Dex: 13    Spells: 9/12 levels left

rFire    . . .     SeeInvis .   p - +0 rapier
rCold    . . .     Gourm    .   (no shield)
rNeg     . . .     Faith    .   a - +0 robe
rPois    .         Spirit   .   (helmet restricted)
rElec    .         Reflect  .   (no cloak)
rCorr    .         Harm     .   (no gloves)
MR       .....                  (no boots)
Stlth    ++........             (no amulet)
Regen    0.2/turn               (no ring)
MPRegen  0.2/turn               (no ring)

@: about to teleport, very slightly contaminated
A: horns 1, slimy green scales 1, rot immunity
a: no special abilities


You were on level 5 of the Dungeon.
You were hungry.

You visited 1 branch of the dungeon, and saw 5 of its levels.

You collected 136 gold pieces.

Inventory:

Hand Weapons
 o - a +0 dagger
 p - a +0 rapier (weapon)
 s - a +0 flail
Armour
 a - a +0 robe (worn)
 m - a +0 helmet
 q - a cursed +0 pair of gloves
Scrolls
 f - a scroll of identify
 i - a scroll of recharging
 k - a scroll of remove curse
 n - 2 scrolls of teleportation
Potions
 d - a potion of brilliance
 e - 2 potions of magic {unknown}
 g - 3 potions of curing {unknown}
 l - a potion of berserk rage {unknown}
Books
 b - a Young Poisoner's Handbook

   Spells                             Type                      Level
   a - Sting                          Conjuration/Poison           1
   b - Poisonous Vapours              Poison/Air                   2
   c - Mephitic Cloud                 Conjuration/Poison/Air       3
   d - Olgreb's Toxic Radiance        Poison                       4
   e - Venom Bolt                     Conjuration/Poison           5
 h - a book of Misfortune

   Spells                             Type                      Level
   a - Confusing Touch                Hexes                        1
   b - Confuse                        Hexes                        3
   c - Gell's Gravitas                Translocation                3
   d - Petrify                        Transmutation/Earth          4
   e - Metabolic Englaciation         Hexes/Ice                    5
   f - Yara's Violent Unravelling     Hexes/Transmutation          5
Comestibles
 c - a bread ration
 j - 3 meat rations


   Skills:
 + Level 0.4 Fighting
 + Level 0.5 Short Blades
 + Level 2.1 Dodging
 + Level 2.2 Stealth
 + Level 0.1 Unarmed Combat
 + Level 3.7 Spellcasting
 + Level 2.0 Conjurations
 + Level 1.5 Air Magic
 + Level 4.4 Poison Magic


You had 9 spell levels left.
You knew the following spells:

 Your Spells              Type           Power        Failure   Level  Hunger
a - Sting                 Conj/Pois      ###.         4%          1    None
b - Poisonous Vapours     Pois/Air       ##....       7%          2    ##.....


Dungeon Overview and Level Annotations

Branches:
Dungeon (5/15)
 Temple: D:4-7

Altars:
Vehumet

Annotations:
D:3 letownia's ghost, novice OpTm


Innate Abilities, Weirdness & Mutations

You have a pair of small horns on your head.
You are partially covered in slimy green scales. (AC +2)
You are immune to rotting.


Message History

The orc priest mumbles some strange prayers to Beogh against you.
Beogh smites you!
* * * LOW HITPOINT WARNING * * *
The orc shouts!
There is a stone staircase leading down here.
The orc closely misses you.
The orc priest looks encouraged for a moment.
You climb downwards.
An iguana, an ice beast, 2 orcs and 2 skeletons come into view.
An orc is wielding a dagger of speed.
Found a stone staircase leading up.
There is a stone staircase leading up here.
As you read the scroll of teleportation, it crumbles to dust.
You feel strangely unstable.
The orc shouts!
You hear a shout!
You hear an angry hiss.
The orc hits you but does no damage.
The orc moves out of view.
The ice beast hits you.
* * * LOW HITPOINT WARNING * * *
The ice beast freezes you!
You die...

#### ...#
##♣.<.♣##
#o...Z..#
#.@.♣
#.YoZ.o.#
##♣..l♣##
...# #.##
.# .# ..


You could see an ice beast, an iguana, 3 orcs, a jackal skeleton and a bullfrog
skeleton.

Vanquished Creatures
  A hound (D:3)
  2 orc wizards
  An orc priest (D:4)
  3 gnolls (D:2)
  6 adders
  2 oozes
  2 worms (D:2)
  10 orcs
  A ball python (D:1)
  7 bats
  A giant cockroach (D:2)
  5 goblins
  9 hobgoblins
  4 jackals (D:2)
  A quokka (D:2)
  5 frilled lizards
  6 kobolds
  9 rats
75 creatures vanquished.

Notes
Turn   | Place    | Note
-------+----------+-------------------------------------------
     0 | D:1      | Malachi the Demonspawn Venom Mage began the quest for the Orb.
     0 | D:1      | Reached XP level 1. HP: 13/13 MP: 3/3
   210 | D:1      | Gained mutation: You are immune to rotting. [demonic ancestry]
   210 | D:1      | Reached XP level 2. HP: 5/19 MP: 0/5
   638 | D:1      | Learned a level 2 spell: Poisonous Vapours
  1414 | D:2      | Gained mutation: You have a pair of small horns on your head. [demonic ancestry]
  1414 | D:2      | Reached XP level 3. HP: 5/24 MP: 0/6
  2676 | D:2      | Reached XP level 4. HP: 30/30 MP: 1/8
  3326 | D:3      | Reached skill level 1 in Air Magic
  3326 | D:3      | Reached XP level 5. HP: 25/35 MP: 2/9
  3365 | D:3      | Reached skill level 4 in Poison Magic
  3442 | D:3      | Found a radiant altar of Vehumet.
  3451 | D:3      | Noticed letownia's ghost (novice OpTm)
  4822 | D:4      | Gained mutation: You are partially covered in slimy green scales. (AC +2) [demonic ancestry]
  4822 | D:4      | Reached XP level 6. HP: 42/42 MP: 5/11
  4869 | D:5      | Entered Level 5 of the Dungeon
  4869 | D:5      | Noticed an ice beast
  4870 | D:5      | Slain by an ice beast

Skill      XL: |  1  2  3  4  5 |
---------------+----------------+-----
Dodging        | 2 |  2.1
Spellcasting   | 3 |  3.7
Stealth        | 2 |  2.2
Air Magic      | 1 |  1.5
Poison Magic   | 4 |  4.4
Conjurations   | 2 |  2.0
Fighting       | |  0.4
Short Blades   | |  0.5
Unarmed Combat | |  0.1

Action                   |  1- 3 |  4- 6 || total
-------------------------+-------+-------++-------
Melee: Unarmed           |    41 |     6 ||    47
       Headbutt          |     1 |     4 ||     5
       Rapier            |       |    30 ||    30
 Cast: Sting             |    46 |    10 ||    56
       Poisonous Vapours |    29 |    39 ||    68
  Use: Scroll            |       |     7 ||     7
  Eat: Chunk             |     8 |     8 ||    16
Armor: Robe              |    24 |     6 ||    30
Dodge: Dodged            |    85 |    41 ||   126
